 Dungeon Sprint DCSS version 0.18-a0-844-g9229740 (webtiles) character file.

998 benitares the Grappler (level 8, -4/70 HPs)
             Began as a Troll Warper on Dec 18, 2015.
             Was a Priest of Cheibriados.
             Slain by a shadow (24 damage)
             ... in the Dungeon (Sprint IX: "|||||||||||||||||||||||||||||").
             The game lasted 00:04:47 (346 turns).

benitares the Grappler (Troll Warper)                Turns: 346, Time: 00:04:48

Health: -4/70      AC:  5    Str: 31    XL:     8   Next: 0%
Magic:  8/8        EV: 18    Int: 17    God:    Cheibriados [***...]
Gold:   0          SH:  0    Dex: 19    Spells: 1 memorised, 8 levels left

rFire  . . .     SeeInvis .       - Unarmed
rCold  . . .     Gourm    +     a - +0 robe
rNeg   . . .     Faith    .     (no shield)
rPois  .         Spirit   .     (helmet restricted)
rElec  .         Dismiss  .     (no cloak)
rCorr  .         Reflect  .     (gloves unavailable)
SustAt .         Harm     .     (boots unavailable)
MR     .....     NoTele   +     (no amulet)
Stlth  ++........               (no ring)
                                o - +3 ring of strength

@: very slow, not resistant to hostile enchantments, unstealthy
A: unfitting armour, claws 3, fast metabolism 3, gourmand, regeneration 2,
shaggy fur 1, tough skin 2
a: Bend Time, Temporal Distortion, Renounce Religion


You were in the Dungeon.
You worshipped Cheibriados.
Cheibriados was most pleased with you.
You were not hungry.

You visited 1 branch

Inventory:

Missiles
 d - 7 tomahawks of dispersal (quivered)
Armour
 a - a +0 robe (worn)
Jewellery
 o - a +3 ring of strength (left claw)
 p - a +3 ring of intelligence
Wands
 n - a wand of draining (7)
Scrolls
 c - 3 scrolls of blinking
 l - 3 scrolls of remove curse
 m - 2 scrolls of amnesia
Potions
 e - 4 potions of curing
 h - a potion of haste
 i - 4 potions of magic
 j - a potion of berserk rage
 k - a potion of invisibility
Books
 b - a book of Spatial Translocations

   Spells                             Type                      Level
   a - Apportation                    Translocation                1
   b - Blink                          Translocation                2
   c - Shroud of Golubria             Charms/Translocation         2
   d - Portal Projectile              Translocation                3
   e - Teleport Other                 Translocation                3
   f - Passage of Golubria            Translocation                4
Comestibles
 f - 2 bread rations


   Skills:
 - Level 1.5 Fighting
 - Level 0.8 Throwing
 + Level 10.5 Dodging
 + Level 12.3 Unarmed Combat
 - Level 1.2 Spellcasting
 - Level 2.1 Translocations


You had 8 spell levels left.
You knew the following spells:

 Your Spells              Type           Power        Failure   Level  Hunger
a - Apportation           Tloc           #.........   10%         1    ##.....


Dungeon Overview and Level Annotations

Branches:
Dungeon (1/1)

Altars:
Cheibriados
Dithmenos
Elyvilon
Fedhas
Gozag
Kikubaaqudgha
Makhleb
Nemelex Xobeh
Okawaru
Pakellas
Qazlal
Ru
Sif Muna
Trog
Vehumet
Xom
Yredelemnul
Zin
The Shining One
Beogh
Jiyva
Lugonu


Innate Abilities, Weirdness & Mutations

You are too large for most types of armour.
You have claws for hands.
Your metabolism is lightning-fast.
You like to eat raw meat.
You heal very quickly.
You are covered in fur (AC +1).
You have very tough skin (AC +2).


Message History

The deep elf mage barely misses you.
You scratch the deep elf mage.
The deep elf mage is almost dead.
The deep elf mage mumbles some strange words.
The deep elf mage blinks!
Drink which item? (? for menu, Esc to quit)
You feel better.
The shadow strikes at you from the darkness!
* * * LOW HITPOINT WARNING * * *
Reactivating autopickup.
Drink which item? (? for menu, Esc to quit)
You feel much better. The shadow hits you!
* * * LOW HITPOINT WARNING * * *
The shadow slips into darkness.
The shadow flickers and vanishes!
Deactivating autopickup; reactivate with Ctrl-A.
The deep elf mage mumbles some strange words.
The deep elf mage blinks!
The shadow strikes at you from the darkness!
You die... ▓▓▓▓▓▓▓▓▓▓▓▓▓▓▓▓▓▓▓▓▓▓▓▓▓▓ ....F.(..@e).'..[[[)|..'__ ▓▓▓▓▓▓▓▓▓▓▓▓▓▓▓▓▓▓▓▓▓▓▓▓▓▓

You could see a deep elf mage and a giant frog.

Vanquished Creatures
  A cyclops (D)
  A kobold demonologist (D)
  An ice beast (D)
  An ogre (D)
  2 quasits (D)
  An orc wizard (D)
  A worker ant (D)
  An adder (D)
  2 shadow imps (D)
  An ooze (D)
  An orc (D)
  2 hobgoblins (D)
  A kobold (D)
  A quokka (D)
  A bat (D)
18 creatures vanquished.

Notes
Turn   | Place    | Note
--------------------------------------------------------------
     0 | D        | benitares the Troll Warper began the quest for the Orb.
     0 | D        | Reached XP level 1. HP: 19/19 MP: 1/1
     8 | D        | Reached skill level 3 in Unarmed Combat
    11 | D        | Reached XP level 2. HP: 27/27 MP: 2/2
    30 | D        | Reached skill level 4 in Dodging
    30 | D        | Reached skill level 5 in Unarmed Combat
    30 | D        | Reached XP level 3. HP: 28/33 MP: 3/3
    40 | D        | Reached XP level 4. HP: 34/41 MP: 4/4
    47 | D        | Reached skill level 5 in Dodging
    52 | D        | Reached skill level 6 in Unarmed Combat
   199 | D        | Found a glowing silver altar of Zin.
   199 | D        | Found a glowing golden altar of the Shining One.
   199 | D        | Found an ancient bone altar of Kikubaaqudgha.
   199 | D        | Found a basalt altar of Yredelemnul.
   199 | D        | Found a shimmering altar of Xom.
   199 | D        | Found a radiant altar of Vehumet.
   200 | D        | Found an iron altar of Okawaru.
   201 | D        | Found a burning altar of Makhleb.
   202 | D        | Found a deep blue altar of Sif Muna.
   203 | D        | Found a bloodstained altar of Trog.
   204 | D        | Found a sparkling altar of Nemelex Xobeh.
   205 | D        | Found a white marble altar of Elyvilon.
   206 | D        | Found a roughly hewn altar of Beogh.
   207 | D        | Found a viscous altar of Jiyva.
   208 | D        | Found a corrupted altar of Lugonu.
   209 | D        | Found a blossoming altar of Fedhas.
   210 | D        | Found a snail-covered altar of Cheibriados.
   211 | D        | Found a shadowy altar of Dithmenos.
   212 | D        | Found a stormy altar of Qazlal.
   213 | D        | Found an opulent altar of Gozag.
   214 | D        | Found a sacrificial altar of Ru.
   215 | D        | Found an oddly glowing altar of Pakellas.
   230 | D        | Became a worshipper of Cheibriados the Contemplative
   255 | D        | Noticed an ogre
   255 | D        | Noticed an ice beast
   266 | D        | Reached * piety under Cheibriados
   266 | D        | Reached skill level 7 in Unarmed Combat
   266 | D        | Reached XP level 5. HP: 45/48 MP: 5/5
   277 | D        | Killed an ice beast
   277 | D        | Reached ** piety under Cheibriados
   277 | D        | Reached skill level 8 in Unarmed Combat
   279 | D        | Killed an ogre
   279 | D        | Reached skill level 9 in Unarmed Combat
   279 | D        | Reached XP level 6. HP: 32/55 MP: 6/6
   323 | D        | Noticed a deep elf mage
   323 | D        | Noticed a shadow
   323 | D        | Noticed a cyclops
   323 | D        | Noticed a kobold demonologist
   337 | D        | Killed a kobold demonologist
   337 | D        | Reached *** piety under Cheibriados
   337 | D        | Reached skill level 11 in Unarmed Combat
   337 | D        | Reached XP level 7. HP: 52/62 MP: 7/7
   341 | D        | Killed a cyclops
   341 | D        | Reached skill level 10 in Dodging
   341 | D        | Reached skill level 12 in Unarmed Combat
   341 | D        | Reached XP level 8. HP: 12/70 MP: 8/8
   346 | D        | Slain by a shadow

Vault maps used:
D:        linesprint

Action                   |  1- 3 |  4- 6 |  7- 9 || total
-------------------------+-------+-------+-------++-------
Melee: Unarmed           |    30 |    47 |     5 ||    82
  Use: Potion            |       |     2 |     2 ||     4
  Eat: Chunk             |       |     1 |       ||     1
